 Dungeon Crawl Stone Soup version 0.32-a0-868-g153ae1a8d6 (webtiles) character file.

Game seed: 12131484316645812257

17759 Arzdou the Cleaver (level 12, -2/106 HPs)
             Began as a Mountain Dwarf Cinder Acolyte on Mar 28, 2024.
             Was a Believer of Ignis.
             Slain by a skyshark (5 damage)
             ... on level 2 of the Lair of Beasts.
             The game lasted 00:34:47 (22216 turns).

Arzdou the Cleaver (Mountain Dwarf Cinder Acolyte) Turns: 22216, Time: 00:34:49

Health: -2/106     AC: 15    Str: 20    XL:     12   Next: 21%
Magic:  20/21      EV:  7    Int: 17    God:    Ignis [**....]
Gold:   1069       SH:  4    Dex:  5    Spells: 16/23 levels left

rFire   + . .        a - +0 hand axe (flame)
rCold   . . .        I - +0 buckler
rNeg    . . .        N - +0 chain mail
rPois   +            (no helmet)
rElec   .            (no cloak)
rCorr   .            (no gloves)
SInv    .            (no boots)
Will    +....        (no amulet) Stlth
                     e - ring of poison resistance
HPRegen 0.37/turn    x - +4 ring of protection
MPRegen 0.17/turn

%: no passive effects
@: about to teleport
A: runic magic, artefact enchanting
a: Renounce Religion, Fiery Armour, Foxfire Swarm, Rising Flame


You were on level 2 of the Lair of Beasts.
You worshipped Ignis.
Ignis was pleased with you.
You visited 2 branches of the dungeon, and saw 14 of its levels.
You also visited: Sewer and Ossuary.

You collected 1121 gold pieces.
You spent 52 gold pieces at shops.

Inventory:

Hand Weapons
 a - a +0 hand axe of flaming (weapon)
 O - a +0 war axe
 P - a +4 flail
Missiles
 t - 4 curare-tipped darts
 L - a throwing net
Armour
 b - a +0 robe
 d - a +0 ring mail
 o - a +0 plate armour
 G - a +2 robe of resistance
 I - a +0 buckler (worn)
 N - a +0 chain mail (worn)
Magical Staves
 Y - a staff of fire
Jewellery
 e - a ring of poison resistance (left hand)
 j - a +6 ring of dexterity
 x - a +4 ring of protection (right hand)
 T - an amulet of the acrobat
 W - a +6 ring of dexterity
Wands
 s - a wand of polymorph (7)
 H - a wand of quicksilver (2)
 R - a wand of flame (7)
 S - a wand of roots (6)
 X - a wand of mindburst (5)
Scrolls
 f - 2 scrolls of vulnerability
 g - a scroll of amnesia
 m - 3 scrolls of fear
 n - 3 scrolls of fog
 q - 5 scrolls of teleportation
 u - 2 scrolls of enchant armour
 y - a scroll of summoning
 E - 3 scrolls of revelation
 J - a scroll of immolation {unknown}
 K - 2 scrolls of enchant weapon
 M - a scroll of poison
 Q - 5 scrolls of identify
 U - 2 scrolls of brand weapon {unknown}
 V - 3 scrolls of noise {unknown}
Potions
 c - 4 potions of might
 h - 4 potions of lignification {unknown}
 i - 4 potions of magic {unknown}
 k - 3 potions of degeneration {unknown}
 l - 6 potions of heal wounds
 p - 6 potions of invisibility {unknown}
 r - 5 potions of mutation {unknown}
 v - 2 potions of berserk rage {unknown}
 w - 5 potions of attraction {unknown}
 z - 2 potions of resistance {unknown}
 A - 9 potions of curing {unknown}
 B - 4 potions of haste {unknown}
 C - a potion of enlightenment {unknown}
 D - a potion of cancellation {unknown}
 F - a potion of brilliance {unknown}


   Skills:
 + Level 9.9 Fighting
 + Level 10.5 Axes
 - Level 8.9 Armour
 - Level 5.0 Shields
 - Level 6.1 Spellcasting
 - Level 6.4 Conjurations
 - Level 3.0 Translocations
 - Level 6.0 Fire Magic
 - Level 7.7 Earth Magic


You had 16 spell levels left.
You knew the following spells:

 Your Spells              Type           Power      Damage    Failure   Level
a - Scorch                Fire           50%        2d7       3%          2
b - Blink                 Tloc           30%        N/A       11%         2
c - Stone Arrow           Conj/Erth      58%        3d10      4%          3

Your spell library contained the following spells:

 Spells                   Type           Power      Damage    Failure   Level
 Magic Dart               Conj           100%       1d8       1%          1
 Sandblast                Erth           62%        2d14      1%          1
 Kiss of Death            Conj/Necr      64%        2d10      6%          1
 Lesser Beckoning         Tloc           30%        N/A       11%         2
 Brom's Barrelling Bould  Conj/Erth      29%        2d5       13%         4
 Hailstorm                Conj/Ice       16%        3d6       19%         3
 Flame Wave               Conj/Fire      26%        2d8       19%         4
 Teleport Other           Tloc           15%        N/A       22%         3
 Freeze                   Ice            20%        1d4       24%         1
 Call Imp                 Summ           10%        N/A       36%         2
 Iskenderun's Battlesphe  Conj           27%        2d8       43%         5
 Fireball                 Conj/Fire      13%        3d7       45%         5
 Maxwell's Portable Pile  Tloc           15%        2d(7-14)  56%         4
 Confusing Touch          Hex            5%         N/A       58%         3
 Frozen Ramparts          Ice            10%        1d2       58%         3
 Dispel Undead            Necr           5%         3d7       94%         4
 Conjure Ball Lightning   Conj/Air       8%         3x3d6     100%        6
 Summon Cactus Giant      Summ           2%         N/A       100%        6
 Orb of Destruction       Conj           13%        9d7       100%        7


Dungeon Overview and Level Annotations

Branches:
Dungeon (11/15)            Temple (0/1) D:4            Lair (3/5) D:9
    Orc (0/2) D:9           Sewer (visited)         Ossuary (visited)
  Swamp: Lair:2-3    Shoals: Lair:2-3     Snake: Lair:2-3    Spider: Lair:2-3

Altars:
Dithmenos
Elyvilon
Fedhas
Gozag
Kikubaaqudgha
Makhleb
Nemelex Xobeh
Qazlal
Ru
Sif Muna
Uskayaw
Wu Jian
Xom
Yredelemnul
Zin

Shops:
D:3 ?

Annotations:
D:6 Pikel
Lair:3 Rupert


Innate Abilities, Weirdness & Mutations

Your spellcasting is much less encumbered by armour.
You can use scrolls of enchantment on lesser artefacts.


Message History

The skyshark is lightly wounded.
You hit the plant. You burn the plant.
The skyshark bites you but does no damage.
The skyshark tail-slaps you. x2
As you read the scroll of teleportation, it crumbles to dust.
You feel strangely unstable.
The skyshark bites you but does no damage.
The skyshark tail-slaps you but does no damage.
The skyshark tail-slaps you.
You hit the skyshark. You burn the skyshark.
The skyshark is lightly wounded.
You hit the plant. You burn the plant.
The skyshark is no longer more vulnerable to fire.
A nearby plant withers and dies.
The skyshark bites you! The skyshark tail-slaps you.
* * * LOW HITPOINT WARNING * * *
The skyshark tail-slaps you but does no damage.
The skyshark bites you.
* * * LOW HITPOINT WARNING * * *
The skyshark tail-slaps you but does no damage. x2
The skyshark rages.
The skyshark attacks as it pursues you!
The skyshark bites you but does no damage.
The skyshark tail-slaps you.
* * * LOW HITPOINT WARNING * * *
The skyshark tail-slaps you.
* * * LOW HITPOINT WARNING * * *
The skyshark closely misses you. The skyshark completely misses you.
The skyshark tail-slaps you.
* * * LOW HITPOINT WARNING * * *
You see here a maw talisman.
The skyshark attacks as it pursues you! The skyshark bites you!
* * * LOW HITPOINT WARNING * * *
The skyshark tail-slaps you.
* * * LOW HITPOINT WARNING * * *
The skyshark tail-slaps you.
* * * LOW HITPOINT WARNING * * *
The skyshark bites you.
You die...
Ignis goes out, and joins you in death.

#P##...## ..#.....###
..........#### ######
P†...........###.#..##
...#.÷.............÷.##
..P#P..P.....##..##...##
.................###.#.#
.#.##..#.....##..##.÷.##
####P..#...>.###@###..#
##..#.#.P.###F##P.##
#.......###.#..##.#### ####
##P####........#...#.####..###
### ##.###...##......÷......
####....######.##...### ###..#
####.##.#.P#.
#..###.####.......
###..#.P.##.#.##.#.#


You could see a skyshark (berserk).

Vanquished Creatures
  2 hydras (Lair:2)
  4 black mambas
  4 cane toads
  An unseen horror (D:9)
  A rime drake (Lair:1)
  A troll (D:10)
  4 hornets
  Grinder (D:4)
  4 blink frogs (Lair:2)
  A slime creature (D:7)
  A shadow (D:9)
  A vampire (D:10)
  2 wraiths
  3 wyverns
  27 yaks
  A basilisk (D:9)
  A steam dragon (D:9)
  2 vampire mosquitoes (D:11)
  An acid dragon (D:11)
  7 water moccasins
  5 orc warriors
  A sky beast (D:8)
  2 ice beasts
  A black bear (D:4)
  An ogre (D:6)
  3 wolves (Lair:2)
  4 centaurs
  A lemure (D:5)
  3 phantoms
  3 kobold brigands
  2 brain worms (Sewer)
  8 bullfrogs
  Blork the orc (D:6)
  3 gnoll sergeants (D:7)
  4 scorpions
  6 wights
  A troll zombie (D:9)
  4 killer bees (D:9)
  A bombardier beetle (D:5)
  4 hounds
  7 orc priests
  2 jellies
  2 gnoll boudas
  6 iguanas
  4 sleepcaps
  Natasha (twice) (D:3)
  11 orc wizards
  5 ogre zombies (D:9)
  8 mummies (Ossuary)
  16 gnolls
  2 river rats (Sewer)
  15 adders
  3 shadow imps
  A white imp (D:6)
  4 ufetubi (D:6)
  3 dart slugs
  3 ribbon worms
  32 orcs
  5 bats
  5 endoplasms
  5 giant cockroaches
  12 goblins
  4 hobgoblins
  4 jackals
  28 kobolds
  4 quokkas
  12 ball pythons
  6 frilled lizards
  A gnoll skeleton (D:9)
  2 gnoll zombies
  3 kobold zombies (Ossuary)
  2 orc skeletons (D:9)
  18 orc zombies
  12 rats
376 creatures vanquished.

Vanquished Creatures (others)
  An orc zombie (D:9)
  26 foxfires
27 creatures vanquished.

Grand Total: 403 creatures vanquished

Notes
Turn   | Place    | Note
-------+----------+-------------------------------------------
     0 | D:1      | Arzdou the Mountain Dwarf Cinder Acolyte began the quest
                  | for the Orb.
     0 | D:1      | Reached XP level 1. HP: 19/19 MP: 2/2
    79 | D:1      | Reached XP level 2. HP: 26/26 MP: 3/3
    82 | D:1      | Learned a level 2 spell: Scorch
   165 | D:1      | Reached skill level 4 in Axes
   471 | D:1      | Reached XP level 3. HP: 19/31 MP: 4/4
  1277 | D:1      | Reached XP level 4. HP: 21/38 MP: 0/5
  1449 | D:2      | Identified the +0 leather armour "Ehorgh" {^Contam rElec
                  | Int+4 Dex+7}
  2297 | D:3      | Found Ilesm's Magic Scroll Shop.
  2311 | D:3      | Bought a scroll of identify for 26 gold pieces
  2311 | D:3      | Bought a scroll of identify for 26 gold pieces
  2319 | D:3      | You fall into a shaft and drop 1 floor!
  2320 | D:4      | Noticed a scorpion
  2335 | D:4      | Killed a scorpion
  2336 | D:4      | Reached skill level 5 in Axes
  2336 | D:4      | Reached skill level 5 in Fire Magic
  2336 | D:4      | Reached XP level 5. HP: 42/45 MP: 2/6
  2467 | D:4      | Learned a level 2 spell: Blink
  2541 | D:4      | Noticed a black bear
  2559 | D:4      | Killed a black bear
  2560 | D:4      | Reached skill level 6 in Axes
  2769 | D:4      | Reached XP level 6. HP: 46/51 MP: 0/7
  3032 | D:4      | Found a staircase to the Ecumenical Temple.
  3129 | D:4      | Found a sparkling altar of Nemelex Xobeh.
  3301 | D:4      | Noticed Grinder
  3313 | D:4      | Killed Grinder
  3314 | D:4      | Reached skill level 7 in Axes
  3612 | D:4      | Reached XP level 7. HP: 50/57 MP: 2/10
  4543 | D:3      | Noticed Natasha
  4546 | D:3      | Killed Natasha
  4992 | D:3      | Noticed Natasha
  4998 | D:3      | Killed Natasha
  5080 | D:3      | Found Ilesm's Magic Scroll Shop.
  5451 | D:5      | Entered Level 5 of the Dungeon
  5715 | D:5      | Found a glowing drain.
  5722 | D:5      | Found a sand-covered staircase.
  5732 | Ossuary  | Entered an ossuary
  5764 | Ossuary  | Reached skill level 8 in Axes
  6080 | Sewer    | Entered a sewer
  6657 | Sewer    | Reached XP level 8. HP: 52/63 MP: 5/14
  6941 | D:5      | Found a burning altar of Makhleb.
  6997 | D:5      | Reached skill level 9 in Axes
  7153 | D:5      | Found a blossoming altar of Fedhas.
  7487 | D:5      | Found a basalt altar of Yredelemnul.
  8090 | D:6      | Found an ornate altar of the Wu Jian Council.
  8109 | D:6      | Noticed Blork the orc
  8116 | D:6      | Killed Blork the orc
  8302 | D:6      | Found an opulent altar of Gozag.
  8360 | D:6      | Found a shadowy altar of Dithmenos.
  8365 | D:6      | Reached skill level 5 in Spellcasting
  8520 | D:6      | Reached skill level 10 in Axes
  8580 | D:6      | Noticed Pikel
  8587 | D:6      | Reached skill level 1 in Armour
  8942 | D:6      | Noticed Jeremiah
  9070 | D:6      | Jeremiah changed into Jeremiah the hornet
  9070 | D:6      | Noticed Jeremiah
  9079 | D:6      | Killed Jeremiah the hornet
  9080 | D:6      | Reached skill level 1 in Translocations
  9339 | D:6      | Found a stormy altar of Qazlal.
  9363 | D:6      | Reached XP level 9. HP: 41/72 MP: 3/16
  9669 | D:6      | Found a white marble altar of Elyvilon.
  9797 | D:7      | Reached skill level 5 in Fighting
  9912 | D:7      | Identified the +6 flail "Faavvink" {pain, *Rage rC+ Will+}
 10115 | D:7      | Reached skill level 1 in Shields
 10450 | D:7      | Noticed a gargoyle
 10517 | D:7      | Found a shimmering blue altar of Sif Muna.
 10518 | D:7      | Found a sacrificial altar of Ru.
 10522 | D:7      | Found a glowing silver altar of Zin.
 10883 | D:7      | Reached skill level 5 in Armour
 11811 | D:8      | Learned a level 3 spell: Stone Arrow
 12284 | D:8      | Reached XP level 10. HP: 76/86 MP: 6/17
 13553 | D:8      | Reached skill level 5 in Shields
 13944 | D:9      | Found a shimmering altar of Xom.
 13945 | D:9      | Found a shimmering altar of Xom.
 13945 | D:9      | Found a shimmering altar of Xom.
 13948 | D:9      | Found a shimmering altar of Xom.
 13948 | D:9      | Found a shimmering altar of Xom.
 13948 | D:9      | Found a shimmering altar of Xom.
 13949 | D:9      | Found a shimmering altar of Xom.
 13949 | D:9      | Found a shimmering altar of Xom.
 13949 | D:9      | Found a shimmering altar of Xom.
 13949 | D:9      | Found a shimmering altar of Xom.
 15074 | D:9      | Found a staircase to the Orcish Mines.
 15927 | D:9      | Reached XP level 11. HP: 88/99 MP: 18/18
 16142 | D:9      | Reached skill level 1 in Earth Magic
 16180 | D:9      | Reached skill level 1 in Conjurations
 16296 | D:9      | Found a staircase to the Lair.
 16420 | D:10     | Entered Level 10 of the Dungeon
 16472 | D:10     | Found a hide-covered altar of Uskayaw.
 16643 | D:10     | Found an ancient bone altar of Kikubaaqudgha.
 18869 | Lair:1   | Entered Level 1 of the Lair of Beasts
 19146 | Lair:1   | Reached skill level 5 in Earth Magic
 20121 | Lair:2   | Reached skill level 5 in Conjurations
 20668 | Lair:2   | Noticed a four-headed hydra
 20678 | Lair:2   | Killed a one-headed hydra
 20679 | Lair:2   | Reached XP level 12. HP: 57/106 MP: 13/21
 21330 | Lair:2   | Noticed a four-headed hydra
 21614 | Lair:2   | Killed a one-headed hydra
 22029 | Lair:3   | Noticed Rupert
 22216 | Lair:2   | HP: 4/106 [skyshark (6)]
 22216 | Lair:2   | Slain by a skyshark

Illustrated notes

Levels and vault maps discovered:
D:1:      dpeg_arrival_simpleton_a, layout_rooms
D:2:      layout_basic
D:3:      mumra_celtic_spiral_tile, layout_loops_cross, serial_shops,
          nicolae_diamond_shop, uniq_natasha
D:4:      layout_cave_pods, nemelex_dance_club_becter,
          minmay_temple_entry_poolview, minmay_goblin_kobold_house, uniq_grinder
D:5:      wander_river, layout_loops_ring, mainiacjoe_overflow_surrounded_room,
          mainiacjoe_overflow_catwalk_spiral, enter_ossuary_2,
          gup_sewer_entry_glass, grunt_ministairs_5
D:6:      layout_basic, grunt_gozag_statues, nzn_wu_jian_contemplation,
          general_overflow_altar, grunt_dithmenos_shadows,
          mainiacjoe_overflow_six_doors_small, uniq_blork_the_orc, uniq_pikel,
          uniq_jeremiah
D:7:      layout_basic, minitemple, minmay_shattered_shrine
D:8:      layout_basic, chequers_arboretum
D:9:      minmay_goldmine, layout_loops_ring, xom_shifter_show,
          minmay_lair_entry_grove, zombieorc1_lemuel
D:10:     layout_loops_ring, mainiacjoe_overflow_alcove_1,
          nicolae_kikubaaqudgha_miasma_corner, chequers_decorated_corner
D:11:     layout_irregular_city, gammafunk_ghost_cemetery, the_hattery,
          uniq_lodul, uniq_psyche
Lair:1:   layout_chaotic_city, grunt_forest_small_clearings,
          chequers_serial_rivers_micro_a, st_stairs_5, minivault_19
Lair:2:   layout_loops_ring, grunt_megastairs_5
Lair:3:   lemuel_slime, layout_hall_layers, minmay_shoals_entry_lonely_mermaid,
          minmay_snake_entry_guardpost_small, beast_lair_carwin_4, uniq_rupert

Skill      XL: |  1  2  3  4  5  6  7  8  9 10 11 12 |
---------------+-------------------------------------+-----
Axes           | 4 5 6 7 8 10 | 10.5
Fire Magic     | 4 5 6 |  6.0
Spellcasting   | 2 4 5 6 |  6.1
Armour         | 2 5 8 |  8.9
Fighting       | 4 7 9 |  9.9
Translocations | 1 3 |  3.0
Shields        | 3 5 |  5.0
Earth Magic    | 7 |  7.7
Conjurations   | 5 6 |  6.4

Action                     |  1- 3 |  4- 6 |  7- 9 | 10-12 || total
---------------------------+-------+-------+-------+-------++-------
  Melee: Hand axe          |   114 |    40 |   301 |    54 ||   509
         Unarmed           |       |     5 |       |       ||     5
         War axe           |       |       |       |   474 ||   474
  Throw: Dart              |       |     4 |     2 |       ||     6
   Cast: Scorch            |    18 |    33 |   187 |   260 ||   498
         Stone Arrow       |       |       |       |     5 ||     5
 Invoke: Foxfire Swarm     |       |       |     1 |     1 ||     2
         Fiery Armour      |       |       |     1 |     4 ||     5
  Evoke: Wand              |       |       |     1 |     5 ||     6
    Use: Scroll            |       |     5 |     9 |     4 ||    18
         Potion            |       |       |       |     3 ||     3
 Armour: Robe              |    25 |       |       |       ||    25
         Ring mail         |    69 |       |       |       ||    69
         Plate armour      |       |    78 |   403 |       ||   481
         Chain mail        |       |       |    11 |   794 ||   805
  Dodge: Dodged            |    72 |    13 |    71 |   235 ||   391
  Block: Buckler           |       |       |    14 |   110 ||   124

Table legend: (Time is in decaauts)
 A = Elapsed time spent in this place.
 B = Non-inter-level travel time spent in this place.
 C = Inter-level travel time spent in this place.
 D = Time resting spent in this place.
 E = Time spent auto-exploring this place.
 F = Levels seen in this place.
 G = Mean time per level.
                   A        B        C        D        E       F      G
               +--------+--------+--------+--------+--------+-----+--------+
         Total |  22292 |  21328 |    964 |   3157 |  14662 |  16 | 1393.2 |
       Dungeon |  17790 |  16872 |    918 |   2109 |  11833 |  11 | 1617.3 |
          Lair |   3343 |   3297 |     46 |    785 |   2119 |   3 | 1114.3 |
         Sewer |    842 |    842 |      0 |    177 |    580 |   1 |  842.0 |
       Ossuary |    315 |    315 |      0 |     86 |    129 |   1 |  315.0 |
               +--------+--------+--------+--------+--------+-----+--------+

Top non-repeatable levels by time:
     D:9: 3221 daAuts
     D:8: 2306 daAuts
  Lair:2: 2019 daAuts
     D:7: 1897 daAuts
     D:6: 1882 daAuts
     D:3: 1707 daAuts
     D:4: 1622 daAuts
     D:5: 1449 daAuts
    D:10: 1378 daAuts
     D:2: 1303 daAuts
  Lair:1: 1145 daAuts
   Sewer: 842 daAuts
     D:1: 830 daAuts
 Ossuary: 315 daAuts
    D:11: 192 daAuts
